 Dungeon Crawl Stone Soup version 0.24.1-14-gf8d2b509d9 (webtiles) character file.

Game seed: 2458449238660015287, levelgen mode: deterministic

15881 KlarStein the Carver (level 12, -7/102 HPs)
             Began as a Demonspawn Fighter on July 21, 2020.
             Was the Champion of Okawaru.
             Mangled by an eight-headed hydra (10 damage)
             ... on level 1 of the Lair of Beasts.
             The game lasted 01:18:24 (12991 turns).

KlarStein the Carver (Demonspawn Fighter)          Turns: 12991, Time: 01:18:25

Health: -7/102     AC: 19    Str: 18    XL:     12   Next: 5%
Magic:  16/16      EV:  9    Int: 12    God:    Okawaru [******]
Gold:   665        SH: 13    Dex: 19    Spells: 11/11 levels left

rFire    + . .     SeeInvis .   E - +3 falchion (elec)
rCold    . . .     Gourm    .   c - +1 shield
rNeg     . . .     Faith    .   F - +0 plate armour
rPois    +         Spirit   .   (helmet unavailable)
rElec    .         Reflect  .   q - scarf {repulsion}
rCorr    .         Harm     +   G - +1 pair of gloves
MR       .....                  (no boots)
Stlth    ..........             L - amulet of harm
HPRegen  0.27/turn              w - ring of protection from fire
MPRegen  0.15/turn              v - ring of poison resistance

@: agile, repel missiles
A: horns 3, rugged brown scales 3, clever 1, powered by pain 1, weak 1
a: Heroism, Finesse, Renounce Religion


You were on level 1 of the Lair of Beasts.
You worshipped Okawaru.
Okawaru was exalted by your worship.
You were not hungry.

You visited 2 branches of the dungeon, and saw 13 of its levels.
You also visited: Ice Cave.

You collected 665 gold pieces.

Inventory:

Hand Weapons
 h - a +4 war axe of freezing
 l - a +2 scimitar of slicing
 E - a +3 falchion of electrocution (weapon)
 H - a +2 arbalest of freezing
 K - a cursed +2 long sword
Missiles
 x - 6 silver boomerangs (quivered)
 P - 7 boomerangs
Armour
 c - a +1 shield (worn)
 q - a scarf of repulsion (worn)
 r - a +0 cloak
 F - a +0 plate armour (worn)
 G - a +1 pair of gloves (worn)
Jewellery
 b - a +4 ring of strength
 g - an uncursed amulet of rage
 v - a ring of poison resistance (right hand)
 w - a ring of protection from fire (left hand)
 A - an uncursed ring of protection from fire
 L - an amulet of harm (around neck)
 S - a +3 ring of evasion
Wands
 d - a wand of flame (27)
 B - a wand of digging (11)
 C - a wand of disintegration (2)
 M - a wand of polymorph (3)
Scrolls
 a - a scroll of magic mapping
 n - 6 scrolls of amnesia
 o - a scroll of enchant weapon
 p - 3 scrolls of identify
 u - 12 scrolls of remove curse
 N - 3 scrolls of enchant armour
Potions
 e - a potion of haste
 i - a potion of flight
 j - a potion of brilliance
 k - a potion of curing
 m - 2 potions of resistance {unknown}
 s - 2 potions of might
 z - 2 potions of lignification
 I - a potion of ambrosia
 J - 3 potions of magic {unknown}
Comestibles
 f - 23 rations
 t - 2 chunks of flesh


   Skills:
 + Level 9.4 Fighting
 + Level 10.9 Long Blades
 + Level 8.7 Armour
 + Level 8.7 Shields
 + Level 5.5 Invocations


You had 11 spell levels left.
You didn't know any spells.
Your spell library contained the following spells:

 Spells                   Type           Power        Failure   Level  Hunger
 Animate Skeleton         Necr           N/A          100%        1    ##.....
 Pain                     Necr           #...         100%        1    ##.....
 Regeneration             Chrm/Necr      #.........   100%        3    ####...
 Vampiric Draining        Necr           #.........   100%        3    ####...
 Animate Dead             Necr           N/A          100%        4    #####..


Dungeon Overview and Level Annotations

Branches:
Dungeon (11/15)            Temple (0/1) D:5            Lair (2/6) D:11
    Orc (0/2) D:10          IceCv (visited)
  Swamp: Lair:2-4    Shoals: Lair:2-4     Snake: Lair:2-4    Spider: Lair:2-4

Altars:
Cheibriados
Dithmenos
Fedhas
Hepliaklqana
Okawaru
Qazlal
Trog
Xom
Zin

Shops:
D:4 *   D:8 (

Annotations:
D:5 2 transporters, Grinder


Innate Abilities, Weirdness & Mutations

You have a pair of large horns on your head.
You are completely covered in rugged brown scales. (AC +3, +7% HP)
You sometimes gain a little power by taking damage.
Your mind is acute. (Int +2)
You are weak. (Str -2)


Message History

The eight-headed hydra bites you. x2
The eight-headed hydra bites you but does no damage.
You block the eight-headed hydra's attack.
The eight-headed hydra bites you.
You block the eight-headed hydra's attack.
The eight-headed hydra bites you but does no damage.
The eight-headed hydra bites you. The eight-headed hydra bites you!
* * * LOW HITPOINT WARNING * * *
You focus on the pain.
You feel more agile all of a sudden.
The eight-headed hydra bites you but does no damage.
The eight-headed hydra bites you!
* * * LOW HITPOINT WARNING * * *
The eight-headed hydra bites you.
* * * LOW HITPOINT WARNING * * *
The eight-headed hydra bites you but does no damage.
The eight-headed hydra bites you.
* * * LOW HITPOINT WARNING * * *
The eight-headed hydra bites you!
You die...

### ### ##########
###P######.###...>...P# ######
#...#...........#....######.##P##
#..............D@#..#............
#................###.####.#.##...
.#......#.P#..)####..# #####....
..#.#...#####...# ##.# #....
.###...######..## #.########.#..
#.#.#............ #.........<....
##.....####..#..........##....#..
....#...# ##............P##...##.
#...##.## ..#..#..# #......


You could see an eight-headed hydra.

Vanquished Creatures
  A hydra (D:10)
  Maurice (D:8)
  3 ugly things
  4 spiny frogs
  A kobold demonologist (D:11)
  2 komodo dragons
  4 trolls
  5 hippogriffs
  A wyvern (D:8)
  Eustachio (D:5)
  4 yaks (D:11)
  5 hungry ghosts
  A basilisk (Lair:1)
  A two-headed ogre zombie (D:10)
  A soldier ant (D:11)
  3 water moccasins
  2 porcupines
  3 orc warriors
  8 ice beasts
  An eye of draining (D:8)
  2 phantoms (D:9)
  4 sky beasts
  5 ogres
  3 wolves (Lair:1)
  8 centaurs
  3 crocodiles
  4 big kobolds
  Blork the orc (D:6)
  10 bullfrogs
  A wyvern zombie (D:8)
  5 scorpions
  5 killer bees
  A troll zombie (D:10)
  12 wights
  2 crimson imps
  A quasit (D:6)
  A centaur zombie (D:9)
  4 orc priests
  A jelly (D:10)
  2 bullfrog skeletons
  4 centaur skeletons
  11 orc wizards
  4 hounds
  3 iguanas (D:6)
  Ijyb (D:5)
  Terence (D:2)
  Natasha (D:2)
  10 worker ants
  6 ogre zombies (D:10)
  2 hound skeletons
  A howler monkey skeleton (D:4)
  7 gnolls
  10 adders
  A shadow imp (D:10)
  An ooze (D:2)
  An adder skeleton (D:9)
  3 worms (D:3)
  A dart slug (D:2)
  6 leopard geckos
  21 orcs
  7 giant cockroaches
  5 goblins
  11 hobgoblins
  6 jackals
  24 kobolds
  4 quokkas
  2 ball pythons
  5 bats
  4 frilled lizards
  3 goblin skeletons (D:10)
  A goblin zombie (D:10)
  2 hobgoblin skeletons (D:10)
  3 hobgoblin zombies (D:10)
  A jackal skeleton (D:4)
  A leopard gecko zombie (D:5)
  3 orc skeletons (D:10)
  13 orc zombies (D:10)
  4 rats
321 creatures vanquished.

Vanquished Creatures (collateral kills)
  A quasit (D:11)
1 creature vanquished.

Vanquished Creatures (others)
  A fungus (Lair:2)
  2 plants
3 creatures vanquished.

Grand Total: 325 creatures vanquished

Notes
Turn   | Place    | Note
-------+----------+-------------------------------------------
     0 | D:1      | KlarStein the Demonspawn Fighter began the quest for the
                  | Orb.
     0 | D:1      | Reached XP level 1. HP: 18/18 MP: 1/1
    61 | D:1      | Reached skill level 2 in Long Blades
   146 | D:1      | Gained mutation: You have a pair of small horns on your
                  | head. [demonic ancestry]
   146 | D:1      | Reached XP level 2. HP: 19/24 MP: 2/2
   572 | D:2      | Reached XP level 3. HP: 29/29 MP: 3/3
   577 | D:2      | Found a glowing silver altar of Zin.
   585 | D:2      | Noticed Natasha
   821 | D:3      | Found a shadowy altar of Dithmenos.
   838 | D:3      | Found an iron altar of Okawaru.
   865 | D:3      | Became a worshipper of Warmaster Okawaru
  1275 | D:2      | Gained mutation: You are partially covered in rugged brown
                  | scales. (AC +1, +3% HP) [demonic ancestry]
  1275 | D:2      | Reached XP level 4. HP: 17/36 MP: 4/4
  1658 | D:2      | Found an iron altar of Okawaru.
  1743 | D:2      | Noticed Terence
  1767 | D:2      | Killed Terence
  1767 | D:2      | Reached skill level 3 in Long Blades
  1807 | D:2      | Killed Natasha
  1807 | D:2      | Reached XP level 5. HP: 8/43 MP: 5/5
  2666 | D:4      | Found Egromneff's General Store.
  2675 | D:4      | Reached * piety under Okawaru
  2675 | D:4      | Gained mutation: You have a pair of horns on your head.
                  | [demonic ancestry]
  2675 | D:4      | Reached XP level 6. HP: 42/49 MP: 6/6
  2677 | D:4      | Reached skill level 4 in Long Blades
  2719 | D:4      | Noticed a hippogriff
  2730 | D:4      | Killed a hippogriff
  2730 | D:4      | Gained mutation: You are mostly covered in rugged brown
                  | scales. (AC +2, +5% HP) [demonic ancestry]
  2730 | D:4      | Reached XP level 7. HP: 14/57 MP: 7/7
  2855 | D:4      | Reached skill level 5 in Long Blades
  3000 | D:4      | Reached ** piety under Okawaru
  3759 | D:3      | Reached skill level 5 in Fighting
  3993 | D:5      | Entered Level 5 of the Dungeon
  4054 | D:5      | Gained mutation: You have a pair of large horns on your
                  | head. [demonic ancestry]
  4054 | D:5      | Reached XP level 8. HP: 51/65 MP: 8/8
  4078 | D:5      | Reached skill level 1 in Invocations
  4211 | D:5      | Noticed Ijyb
  4225 | D:5      | Killed Ijyb
  4391 | D:5      | Found a transporter.
  4403 | D:5      | Found a transporter.
  4408 | D:5      | Noticed Grinder
  4586 | D:5      | Noticed Eustachio
  4626 | D:5      | Found a staircase to the Ecumenical Temple.
  4642 | D:5      | Killed Eustachio
  4649 | D:5      | Got a polished mace
  4992 | D:6      | Reached skill level 5 in Armour
  4992 | D:6      | Reached skill level 5 in Shields
  5043 | D:6      | Found a hazy altar of Hepliaklqana.
  5045 | D:6      | Found a bloodstained altar of Trog.
  5045 | D:6      | Found a stormy altar of Qazlal.
  5047 | D:6      | Found a shimmering altar of Xom.
  5047 | D:6      | Found a snail-covered altar of Cheibriados.
  5047 | D:6      | Found a shimmering altar of Xom.
  5081 | D:6      | Reached skill level 6 in Long Blades
  5347 | D:6      | Noticed Blork the orc
  5356 | D:6      | Killed Blork the orc
  5356 | D:6      | Reached *** piety under Okawaru
  5912 | D:7      | Reached XP level 9. HP: 72/72 MP: 10/12
  6357 | D:8      | Found Yran's Antique Weapon Boutique.
  6369 | D:8      | Noticed Maurice
  6386 | D:8      | Killed Maurice
  6386 | D:8      | Reached **** piety under Okawaru
  6386 | D:8      | Reached skill level 7 in Long Blades
  7144 | D:8      | Reached skill level 8 in Long Blades
  7144 | D:8      | Gained mutation: You sometimes gain a little power by
                  | taking damage. [demonic ancestry]
  7144 | D:8      | Reached XP level 10. HP: 74/82 MP: 13/13
  7238 | D:8      | Gained mutation: Armour fits poorly on your strangely
                  | shaped body. [potion of mutation]
  7238 | D:8      | Gained mutation: You are somewhat resistant to further
                  | mutation. [potion of mutation]
  7239 | D:8      | Lost mutation: You are somewhat resistant to further
                  | mutation. [potion of mutation]
  7239 | D:8      | Lost mutation: Armour fits poorly on your strangely shaped
                  | body. [potion of mutation]
  7239 | D:8      | Gained mutation: You are weak. (Str -2) [potion of
                  | mutation]
  7239 | D:8      | Gained mutation: Your mind is acute. (Int +2) [potion of
                  | mutation]
  7239 | D:8      | Gained mutation: You are frail. (-10% HP) [potion of
                  | mutation]
  7239 | D:8      | Lost mutation: You are frail. (-10% HP) [potion of
                  | mutation]
  7427 | D:8      | Found a stormy altar of Qazlal.
  7428 | D:8      | Found a hazy altar of Hepliaklqana.
  7731 | D:9      | Found a blossoming altar of Fedhas.
  7932 | D:9      | Reached ***** piety under Okawaru
  8702 | D:10     | Entered Level 10 of the Dungeon
  8726 | D:10     | Found a staircase to the Orcish Mines.
  8860 | D:10     | Reached skill level 9 in Long Blades
  9512 | D:10     | You fall into a shaft and drop 1 floor!
  9975 | D:11     | Noticed an eight-headed hydra
  9998 | D:10     | Killed an eight-headed hydra
  9998 | D:10     | Reached XP level 11. HP: 68/90 MP: 14/14
 10165 | D:11     | Found a frozen archway.
 10180 | IceCv    | Entered an ice cave
 10180 | IceCv    | Noticed a white ugly thing
 10189 | IceCv    | Killed a white ugly thing
 10189 | IceCv    | Reached ****** piety under Okawaru
 10190 | IceCv    | Found a transporter.
 10203 | IceCv    | Received a gift from Okawaru
 10231 | IceCv    | Identified the +6 mace "Cachekk" {antimagic, Fragile +Inv
                  | rElec Dex+7} (You found it on level 5 of the Dungeon)
 10302 | IceCv    | Noticed a white ugly thing
 10317 | D:11     | Killed a red ugly thing
 10317 | D:11     | Reached skill level 10 in Long Blades
 10500 | D:11     | Noticed a red ugly thing
 10508 | D:11     | Killed a red ugly thing
 10748 | D:11     | Found a staircase to the Lair.
 10867 | D:11     | Noticed an eight-headed hydra
 11128 | D:11     | Received a gift from Okawaru
 11367 | Lair:1   | Entered Level 1 of the Lair of Beasts
 11982 | Lair:1   | Reached skill level 5 in Invocations
 12053 | Lair:1   | Noticed an eight-headed hydra
 12377 | Lair:2   | Noticed a five-headed hydra
 12806 | Lair:2   | Received a gift from Okawaru
 12806 | Lair:2   | Gained mutation: You are completely covered in rugged brown
                  | scales. (AC +3, +7% HP) [demonic ancestry]
 12806 | Lair:2   | Reached XP level 12. HP: 86/101 MP: 14/16
 12991 | Lair:1   | HP: 3/102 [eight-headed hydra (3)]
 12991 | Lair:1   | Mangled by an eight-headed hydra

Levels and vault maps discovered:
D:1:      giann_bridges, layout_basic
D:2:      layout_loops_corners, overflow_temple_1_default,
          okawaru_metal_pillars_3, uniq_terence, uniq_natasha
D:3:      layout_loops_cross, grunt_temple_overflow_open, serial_rivers,
          chequers_serial_rivers_large_b, chequers_serial_rivers_micro_a,
          chequers_serial_rivers_micro_b, chequers_serial_rivers_small_3,
          chequers_serial_rivers_micro_d, chequers_serial_rivers_micro_b,
          first_ration, roderic_st_hans_cross
D:4:      layout_basic, serial_shops, shop
D:5:      gammafunk_steamed_eel, layout_basic, minmay_temple_entry_from_below_a,
          uniq_grinder, uniq_ijyb, uniq_eustachio
D:6:      layout_basic, doesnt_xom_only_xom, uniq_blork_the_orc
D:7:      layout_gridville
D:8:      layout_basic, nicolae_overflow_hidden_temple, serial_shops,
          shop_coins, uniq_maurice
D:9:      layout_basic, lemuel_tele_altar
D:10:     layout_roguey, zombieorc2_lemuel
D:11:     layout_irregular_city, david_lair_shrubbed,
          portal_ice_cave_entry_pillars_1
Lair:1:   layout_loops_ring
Lair:2:   layout_cave_pods, shoals_dummy_entry, spider_nest_entry_rubble,
          beast_lair_carwin_2

Skill      XL: |  1  2  3  4  5  6  7  8  9 10 11 |
---------------+----------------------------------+-----
Long Blades    | 2 3 4 5 6 8 9 10 | 10.9
Armour         | 3 4 5 6 7 8 |  8.7
Shields        | 3 4 5 6 7 8 |  8.7
Fighting       | 4 5 6 7 8 9 |  9.4
Invocations    | 4 5 |  5.5

Action                   |  1- 3 |  4- 6 |  7- 9 | 10-12 || total
-------------------------+-------+-------+-------+-------++-------
Melee: Long sword        |   128 |    87 |   191 |       ||   406
       Headbutt          |    13 |    12 |    78 |   112 ||   215
       Falchion          |       |       |   182 |   511 ||   693
Throw: Throwing net      |       |       |       |     3 ||     3
       Boomerang         |       |       |       |    30 ||    30
Invok: Heroism           |       |       |     6 |     6 ||    12
       Finesse           |       |       |       |     1 ||     1
Evoke: Wand              |       |       |    20 |    39 ||    59
  Use: Scroll            |     6 |     4 |     4 |    19 ||    33
       Potion            |       |     2 |     2 |     6 ||    10
  Eat: Chunk             |     1 |     5 |    17 |    17 ||    40
       Ration            |       |       |       |     1 ||     1
Armor: Scale mail        |    46 |    32 |    74 |       ||   152
       Plate armour      |       |       |   106 |   320 ||   426
Dodge: Dodged            |    33 |    25 |    77 |    89 ||   224
       Deflected         |     1 |     4 |     4 |     9 ||    18
Block: Shield            |    61 |    44 |   207 |   316 ||   628
       Rpst.: Long sword |    11 |     5 |    13 |       ||    29
       Falchion          |       |       |     8 |    18 ||    26
